Match 41512552
Unlisted

Match 41512552
End
Selects Australian Defense Battlegroup
Selects Australian Defense Battlegroup
Selects Australian Light Infantry Section
Selects Australian Light Infantry Section
Australian Light Infantry Section
Construct Section Command Post
Australian Light Infantry Section
Vickers Machine Gun Team
Selects 2-pounder Anti-tank Gun Team
Construct Platoon Command Post
2-pounder Anti-tank Gun Team
Australian Light Infantry Section
Selects CMP 15cwt Supply Run
CMP 15cwt Supply Run
Construct Company Command Post
Unlock M3 Grant Medium Tanks
Vickers Machine Gun Team
M3 Grant Medium Tank
Selects Reinforced Resource Caches
CMP 15cwt Truck
Forward Retreat Point
AceRobby
Zenmuron
[TW]S.C.
Jewoo
insane
SnowLeopard279
skopcak
HiddenJoker
0
0

Comments sign in to comment!

No comments posted yet!